 Dungeon Crawl Stone Soup version 0.31-a0-204-g7da18cac08 (webtiles) character file.

Game seed: 16592426685661662697

207 qw the Skirmisher (level 5, -1/30 HPs)
             Began as a Deep Elf Hunter on June 27, 2023.
             Slain by Grinder (5 damage)
             ... on level 3 of the Dungeon.
             The game lasted 00:00:38 (1801 turns).

qw the Skirmisher (Deep Elf Hunter)                 Turns: 1801, Time: 00:00:38

Health: -1/30      AC:  6    Str: 10    XL:     5   Next: 54%
Magic:  7/7        EV: 11    Int: 14    God:
Gold:   75         SH:  0    Dex: 18    Spells: 4/4 levels left

rFire   . . .        Y - +1 shortbow
rCold   . . .        (shield currently unavailable)
rNeg    . . .        e - +0 ring mail
rPois   .            d - +0 helmet
rElec   .            (no cloak)
rCorr   .            (no gloves)
SInv    .            (no boots)
Will    .....        g - amulet of the acrobat
Stlth   +            (no ring)
HPRegen 0.25/turn    (no ring)
MPRegen 0.10/turn

%: acrobat
@: no status effects
A: no striking features
a: no special abilities


You were on level 3 of the Dungeon.
You visited 1 branch of the dungeon, and saw 4 of its levels.

You collected 75 gold pieces.


   Skills:
 + Level 1.8 Fighting
 - Level 9.0 Ranged Weapons
 - Level 2.4 Dodging
 - Level 1.2 Stealth


You had 4 spell levels left.
You didn't know any spells.
Your spell library was empty.

Inventory:

Hand Weapons
 Y - a +1 shortbow (weapon)
Armour
 d - a +0 helmet (worn)
 e - a +0 ring mail (worn)
Jewellery
 g - an amulet of the acrobat (around neck)
 j - a ring of ice
Potions
 f - a potion of attraction {unknown}
 h - a potion of curing
 k - 2 potions of magic {unknown}

Dungeon Overview and Level Annotations

Branches:
Dungeon (4/15)
 Temple: D:4-7

Altars:

Annotations:
D:3 Grinder


Message History

The adder hisses angrily.
The adder is almost dead.
You shoot an arrow. The arrow misses the adder.
The adder closely misses you.
You shoot an arrow. The arrow hits the adder!
You kill the adder!
Grinder and a frilled lizard come into view.
Found a leather armour.
The frilled lizard hisses angrily.
Enter note:
Enter note: You shoot an arrow.
The arrow hits Grinder.
Grinder is lightly wounded.
You shoot an arrow. The arrow closely misses Grinder.
The arrow completely misses the frilled lizard.
Grinder hits you.
You writhe in agony.
You shoot an arrow. The arrow hits Grinder.
Grinder is lightly wounded.
Grinder hits you but does no damage.
You shoot an arrow. The arrow hits Grinder.
Grinder is moderately wounded.
Grinder hits you.
You writhe in agony.
You shoot an arrow. The arrow hits Grinder.
Grinder is heavily wounded.
The frilled lizard closely misses you. Grinder hits you.
You shoot an arrow. The arrow hits Grinder!
Grinder is severely wounded.
Grinder blinks!
The frilled lizard bites you but does no damage.
You shoot an arrow. The arrow closely misses Grinder.
The frilled lizard completely misses you.
Grinder gestures at you. Pain shoots through your body!
You shoot an arrow. The arrow barely misses Grinder.
The frilled lizard barely misses you. Grinder gestures at you.
You resist with significant effort.
The frilled lizard bites you but does no damage.
Grinder hits you.
You die...

######.# #...# # #.#
#...# #.8###.### #...#
.....%...## #...#
..........# #...# ##
#.8.##%#..#######...#...
#}#.#..#..#.............
# #.#...................
#.......#.)..5@l......
####.....####.#...#...
#.....# #.#...# #.###.#
#.#...# #..##.# #.#...#
#..##.# #.#...# #..##.#
#...... #.....# ####[..#
#..####


You could see Grinder and a frilled lizard.

Vanquished Creatures
  A phantom (D:4)
  Natasha (thrice) (D:2)
  2 adders
  2 dart slugs
  4 ball pythons
  An endoplasm (D:1)
  2 giant cockroaches
  4 goblins
  2 hobgoblins
  3 kobolds
  A quokka (D:1)
  5 bats
  5 frilled lizards
  5 rats
40 creatures vanquished.

Notes
Turn   | Place    | Note
-------+----------+-------------------------------------------
     0 | D:1      | qw the Deep Elf Hunter began the quest for the Orb.
     0 | D:1      | Reached XP level 1. HP: 12/12 MP: 3/3
     0 | D:1      | 0 ||| qw: Version: 0.3-a-22-g0ed2b0b
     0 | D:1      | 0 ||| qw: Game counter: 6561
     0 | D:1      | 0 ||| qw: Melee chars always use a shield: true
     0 | D:1      | 0 ||| qw: God list: Okawaru
     0 | D:1      | 0 ||| qw: Allow faded altars: false
     0 | D:1      | 0 ||| qw: Do Orc after clearing Dungeon:15 true
     0 | D:1      | 0 ||| qw: Do second Lair branch before Depths: true
     0 | D:1      | 0 ||| qw: Lair rune preference: random
     0 | D:1      | 0 ||| qw: Goals: Normal
     0 | D:1      | 0 ||| PLANNING D:1-11
   168 | D:1      | Reached XP level 2. HP: 16/16 MP: 4/4
   178 | D:1      | Reached skill level 6 in Ranged Weapons
   925 | D:1      | 925 ||| UPGRADING to +0 ring mail.
   935 | D:1      | 935 ||| DROPPING +0 leather armour.
   936 | D:1      | 936 ||| UPGRADING to amulet of the acrobat.
   941 | D:1      | 941 ||| READING scroll labelled SOSISK KUEKLAA.
   942 | D:1      | 942 ||| READING scroll labelled LAKIAN ZOROP.
   943 | D:1      | 943 ||| DRINKING 2 bubbling inky potions.
   944 | D:1      | 944 ||| DROPPING scroll of butterflies.
   945 | D:1      | 945 ||| DROPPING potion of brilliance.
  1037 | D:2      | Reached XP level 3. HP: 20/20 MP: 5/5
  1123 | D:2      | Noticed Natasha
  1128 | D:2      | Killed Natasha
  1129 | D:2      | Reached skill level 7 in Ranged Weapons
  1186 | D:2      | Noticed Natasha
  1187 | D:2      | 1187 ||| FLEEEEING.
  1194 | D:2      | 1194 ||| FLEEEEING.
  1195 | D:2      | 1195 ||| FLEEEEING.
  1196 | D:2      | 1196 ||| FLEEEEING.
  1197 | D:2      | 1197 ||| FLEEEEING.
  1200 | D:2      | 1200 ||| FLEEEEING.
  1203 | D:2      | 1203 ||| Stepping ~*~*~tactically~*~*~ (outnumbered).
  1204 | D:2      | 1204 ||| Stepping ~*~*~tactically~*~*~ (outnumbered).
  1207 | D:2      | Killed Natasha
  1208 | D:2      | Reached XP level 4. HP: 18/25 MP: 6/6
  1253 | D:2      | Noticed Natasha
  1259 | D:2      | Killed Natasha
  1260 | D:2      | Reached skill level 8 in Ranged Weapons
  1492 | D:2      | Found a faded altar of an unknown god.
  1556 | D:2      | 1556 ||| UPGRADING to +0 helmet.
  1561 | D:2      | 1561 ||| READING 2 scrolls labelled BEPYRUTUPP.
  1562 | D:2      | 1562 ||| READING scroll labelled VARUOR XOIMN.
  1566 | D:2      | 1566 ||| READING scroll labelled GACAVV MADAIKA.
  1567 | D:2      | 1567 ||| DROPPING scroll of vulnerability.
  1620 | D:3      | You fall into a shaft and drop 1 floor!
  1634 | D:4      | Noticed a phantom
  1648 | D:4      | Killed a phantom
  1649 | D:4      | Reached skill level 9 in Ranged Weapons
  1649 | D:4      | Reached XP level 5. HP: 8/29 MP: 7/7
  1793 | D:3      | Noticed Grinder
  1800 | D:3      | HP: 3/30 [Grinder/nerve-wracking pain (8)]
  1801 | D:3      | Slain by Grinder

Levels and vault maps discovered:
D:1:      minmay_arrival_diagonal_passages, layout_loops_corners
D:2:      layout_rooms, chequers_ecumenical_altar_grove, serial_bayou_lagoon_b,
          uniq_natasha
D:3:      layout_loops_cross, minitemple, skrybe_limestone_x, dk_vineyard_1,
          uniq_sigmund, uniq_grinder, uniq_jessica
D:4:      cheibrodos_quashed, layout_rooms, lemuel_temple_firewalk_b,
          ebering_dispersal_statue_hall, nicolae_shop_clearance, uniq_pikel

Skill      XL: |  1  2  3  4 |
---------------+-------------+-----
Ranged Weapons | 6 7 9 |  9.0
Fighting       | |  1.8
Dodging        | |  2.4
Stealth        | |  1.2

Action                     |  1- 3 |  4- 6 || total
---------------------------+-------+-------++-------
   Fire: Shortbow          |    63 |    56 ||   119
    Use: Scroll            |     2 |     3 ||     5
         Potion            |     1 |       ||     1
 Armour: Ring mail         |     2 |     4 ||     6
  Dodge: Dodged            |     5 |    14 ||    19

Table legend:
 A = Non-vault XP
 B = Vault XP
 C = Vault XP percentage of total XP
 D = Non-vault monster count
 E = Vault monster count
 F = Vault count percentage of total count
                 A         B        C        D         E       F
            +---------+---------+-------+---------+---------+-------
      Total |     264 |      33 |  11.1 |      39 |       1 |   2.5
            +---------+---------+-------+---------+---------+-------
        D:1 |      38 |       0 |   0.0 |      22 |       0 |   0.0
        D:2 |      95 |      33 |  25.8 |       8 |       1 |  11.1
        D:3 |      20 |       0 |   0.0 |       7 |       0 |   0.0
        D:4 |     111 |       0 |   0.0 |       2 |       0 |   0.0
            +---------+---------+-------+---------+---------+-------
